 Dungeon Crawl Stone Soup version 0.21.0-3-g78d12a8 (console) character file.

163 ahub the Skirmisher (level 5, -18/42 HPs)
             Began as a Demonspawn Monk on Jan 9, 2018.
             Demolished by an ogre
             ... wielding a +0 giant spiked club
              (21 damage)
             ... on level 4 of the Dungeon.
             The game lasted 00:05:45 (2162 turns).

ahub the Skirmisher (Demonspawn Monk)               Turns: 2162, Time: 00:05:46

Health: -18/42     AC:  9    Str: 10 (11) XL:     5   Next: 20%
Magic:  5/5        EV: 10    Int: 10 (12) God:
Gold:   211        SH:  0    Dex: 16      Spells: 4/4 levels left

rFire    . . .     SeeInvis .   f - +2 short sword (drain)
rCold    . . .     Gourm    .   (no shield)
rNeg     . . .     Faith    .   s - +0 scale mail
rPois    .         Spirit   .   (no helmet)
rElec    .         Reflect  .   (no cloak)
rCorr    .         Harm     .   (no gloves)
MR       .....     Rnd*Tele +   h - +0 pair of boots
Stlth    ++........             i - amulet of regeneration
HPRegen  0.54/turn              p - ring of teleportation (curse)
MPRegen  0.09/turn              (no ring)

@: no status effects
A: iridescent scales 1, blurry vision 1, mutation resistance 1, nightstalker 1
a: no special abilities


You were on level 4 of the Dungeon.
You were not hungry.

You visited 1 branch of the dungeon, and saw 4 of its levels.

You collected 211 gold pieces.

Inventory:

Hand Weapons
 f - a +2 short sword of draining (weapon)
Armour
 e - a +0 ring mail
 h - a +0 pair of boots (worn)
 s - a +0 scale mail (worn)
Jewellery
 i - an amulet of regeneration (around neck)
 p - a cursed ring of teleportation (left hand)
Scrolls
 b - 3 scrolls of remove curse {unknown}
 d - a scroll of fog {unknown}
 j - 2 scrolls of amnesia {unknown}
 l - a scroll of teleportation {unknown}
 m - 2 scrolls of identify {unknown}
 q - a scroll of fear {unknown}
 r - a scroll of noise {unknown}
Comestibles
 a - 8 chunks of flesh
 c - 8 rations


   Skills:
 + Level 3.9 Fighting
   Level 3.2 Long Blades
 + Level 1.8 Armour
 + Level 3.3 Dodging
 + Level 2.7 Stealth


You had 4 spell levels left.
You didn't know any spells.

Dungeon Overview and Level Annotations

Branches:
Dungeon (4/15)
 Temple: D:4-7

Altars:
Qazlal
The Shining One

Annotations:
D:3 Tovarisch's ghost, amateur MiBe


Innate Abilities, Weirdness & Mutations

You are partially covered in iridescent scales. (AC +2)
You are slightly more attuned to the shadows.
Scrolls take you a little longer to read.
You are somewhat resistant to further mutation.


Message History

The ogre is lightly wounded.
The ogre barely misses you. The leopard gecko barely misses you.
You hit the ogre.
The ogre is lightly wounded.
The leopard gecko bites you. The ogre barely misses you.
You hit the ogre.
The ogre is moderately wounded.
The leopard gecko bites you but does no damage. x2
You puncture the ogre!
The ogre is heavily wounded.
The ogre hits you with a giant spiked club!!
Ouch! That really hurt!
* * * LOW HITPOINT WARNING * * *
The leopard gecko bites you but does no damage.
You completely miss the ogre.
The ogre is heavily wounded.
The leopard gecko bites you but does no damage.
The ogre hits you with a giant spiked club!!
Ouch! That really hurt!
You die...

.... #....
#.... .# ....
... ..#
....###.# .#
......<.#..##
.....O@.....#
.>....)l.....
.............
...#........#
...##..###.##
.. .... .#
#.#. #


You could see an ogre and a leopard gecko.

Vanquished Creatures
  2 orc wizards (D:3)
  An orc priest (D:3)
  2 adders
  A dart slug (D:1)
  2 leopard geckos
  3 orcs
  2 giant cockroaches
  6 goblins
  8 hobgoblins
  6 kobolds
  A quokka (D:3)
  7 bats
  7 frilled lizards
  3 rats
51 creatures vanquished.

Notes
Turn   | Place    | Note
-------+----------+-------------------------------------------
     0 | D:1      | ahub the Demonspawn Monk began the quest for the Orb.
     0 | D:1      | Reached XP level 1. HP: 18/18 MP: 1/1
   282 | D:1      | Gained mutation: You are slightly more attuned to the shadows. [demonic ancestry]
   282 | D:1      | Reached XP level 2. HP: 18/24 MP: 2/2
   949 | D:2      | Reached XP level 3. HP: 28/29 MP: 3/3
   984 | D:2      | Found a glowing golden altar of the Shining One.
  1092 | D:2      | Reached skill level 1 in Armour
  1418 | D:2      | Found a stormy altar of Qazlal.
  2015 | D:3      | Gained mutation: Scrolls take you a little longer to read. [potion of mutation]
  2015 | D:3      | Gained mutation: You are somewhat resistant to further mutation. [potion of mutation]
  2021 | D:3      | Gained mutation: You are partially covered in iridescent scales. (AC +2) [demonic ancestry]
  2021 | D:3      | Reached XP level 4. HP: 19/36 MP: 4/4
  2030 | D:3      | Reached XP level 5. HP: 18/42 MP: 5/5
  2126 | D:3      | Noticed Tovarisch's ghost (amateur MiBe)
  2151 | D:4      | Noticed an ogre
  2162 | D:4      | Demolished by an ogre

Skill      XL: |  1  2  3 |
---------------+----------+-----
Long Blades    | 3 |  3.2
Stealth        | 2 |  2.7
Armour         | 1 |  1.8
Dodging        | 3 |  3.3
Fighting       | |  3.9

Action                   |  1- 3 |  4- 6 || total
-------------------------+-------+-------++-------
Melee: Short sword       |    89 |    37 ||   126
       Falchion          |     6 |       ||     6
  Use: Potion            |     4 |       ||     4
 Stab: Sleeping          |     8 |       ||     8
  Eat: Chunk             |     3 |     1 ||     4
Armor: Ring mail         |    16 |       ||    16
       Scale mail        |    20 |    23 ||    43
Dodge: Dodged            |    49 |    28 ||    77
